 Dungeon Crawl Stone Soup version 0.18.1-50-g88ac8fd (webtiles) character file.

8460 magog001 the Quickloader (level 11, -4/91 HPs)
             Began as a Merfolk Hunter on June 9, 2018.
             Was a Follower of Nemelex Xobeh.
             Slain by an unseen horror (6 damage)
             ... on level 10 of the Dungeon.
             The game lasted 01:16:15 (12880 turns).

magog001 the Quickloader (Merfolk Hunter)          Turns: 12880, Time: 01:16:15

Health: -4/91      AC:  9    Str: 12    XL:     11   Next: 31%
Magic:  0/11       EV: 15    Int: 21    God:    Nemelex Xobeh [*.....]
Gold:   394        SH: 12    Dex: 17    Spells: 0 memorised, 10 levels left

rFire  . . .     SeeInvis .     I - +2 short sword (venom)
rCold  . . .     Gourm    .     b - +3 leather armour
rNeg   . . .     Faith    .     t - +3 shield
rPois  .         Spirit   +     u - +2 hat
rElec  .         Dismiss  .     z - +1 cloak
rCorr  +         Reflect  .     (no gloves)
SustAt .         Harm     .     A - +0 pair of boots
MR     .....                    J - amulet of guardian spirit
Stlth  +++.......               K - ring of resist corrosion
                                g - +4 ring of intelligence

@: brilliant, slowed, very slow, not resistant to hostile enchantments, fairly
stealthy
A: change form in water, swift swim, horns 1, deformed body, mutation resistance
1, robust 1, wild magic 1
a: Renounce Religion


You were on level 10 of the Dungeon.
You worshipped Nemelex Xobeh.
Nemelex Xobeh was aware of your devotion.
You were not hungry.

You visited 2 branches of the dungeon, and saw 11 of its levels.

You collected 568 gold pieces.
You spent 174 gold pieces at shops.

Inventory:

Hand Weapons
 a - a +5 hand crossbow
 l - a +0 hunting sling
 I - a +2 short sword of venom (weapon)
Missiles
 c - 4 tomahawks of returning
 e - 25 tomahawks (quivered)
 i - 25 bolts
 p - 28 poisoned needles
 q - 64 sling bullets
Armour
 b - a +3 leather armour (worn)
 t - a +3 shield (worn)
 u - a +2 hat (worn)
 z - a +1 cloak (worn)
 A - a +0 pair of boots (worn)
Jewellery
 g - a +4 ring of intelligence (left hand)
 J - an amulet of guardian spirit (around neck)
 K - a ring of resist corrosion (right hand)
Wands
 r - a wand of lightning (0/15)
 B - a wand of confusion (40/48)
 C - a wand of teleportation (5/9)
 H - a wand of flame (9/48)
Scrolls
 j - 7 scrolls of remove curse
 m - 3 scrolls of amnesia
 s - a scroll of magic mapping
 y - 3 scrolls of teleportation
 N - a scroll of fear
Potions
 h - a potion of magic
 n - a potion of ambrosia
 E - a potion of lignification
Books
 L - a book of Flames

   Spells                             Type                      Level
   a - Flame Tongue                   Conjuration/Fire             1
   b - Throw Flame                    Conjuration/Fire             2
   c - Conjure Flame                  Conjuration/Fire             3
   d - Inner Flame                    Hexes/Fire                   3
   e - Sticky Flame                   Conjuration/Fire             4
   f - Fireball                       Conjuration/Fire             5
Miscellaneous
 w - a disc of storms
 x - a phantom mirror
 F - a plain deck of escape {drawn: 3}
 G - a plain deck of war {drawn: 4}
Comestibles
 d - a meat ration
 f - 6 bread rations
 k - 2 beef jerkies
 v - 7 slices of pizza
 D - 10 fruits
 O - 14 chunks of flesh


   Skills:
 * Level 6.4 Fighting
 * Level 5.9 Short Blades
 * Level 10.7 Crossbows
 + Level 1.2 Throwing
 - Level 0.3 Armour
 * Level 8.8 Dodging
 * Level 6.5 Stealth
 + Level 4.1 Shields
 + Level 0.4 Evocations


You had 10 spell levels left.
You didn't know any spells.

Dungeon Overview and Level Annotations

Branches:
Dungeon (10/15)            Temple (1/1) D:7
   Lair: D:8-11         Orc: D:9-12

Altars:
Ashenzari
Cheibriados
Dithmenos
Elyvilon
Fedhas
Gozag
Kikubaaqudgha
Makhleb
Nemelex Xobeh
Okawaru
Pakellas
Qazlal
Ru
Sif Muna
Trog
Vehumet
Xom
Yredelemnul
Zin
The Shining One

Shops:
D:4 [   D:6 }


Innate Abilities, Weirdness & Mutations

You revert to your normal form in water.
You are very nimble and swift while swimming.
You have a pair of small horns on your head.
Armour fits poorly on your strangely shaped body.
You are somewhat resistant to further mutation.
You are robust (+10% HP).
Your spells are a little harder to cast, but a little more powerful.


Message History

Your magical contamination has completely faded away.
Something hits you but does no damage. You block the wraith's attack.
There is an open door here.
You hit something. Something hits you.
* * * LOW HITPOINT WARNING * * *
Something hits you but does no damage. You block the wraith's attack.
The wraith misses you. The wraith barely misses you.
The wraith hits you but does no damage. Something hits you.
* * * LOW HITPOINT WARNING * * *
Something hits you.
* * * LOW HITPOINT WARNING * * *
The wraith hits you.
* * * LOW HITPOINT WARNING * * *
The wraith drains your vigour!
You feel as though you will be slow longer.
Something hits you but does no damage. Something hits you.
You die...
Your body glows slightly and disappears.

## ####... ###+### .(.....
......# ######+#####(......
......#######...[...##)')>.<..(
......##.<..'.......#..#)(.....
......'..####...@.W.WW##.......
......#### #.......### .......
......# #:......# .......
......# #.......# ....(..
......# ######### #######
#######


You could see 3 wraiths.

Vanquished Creatures
  Josephine (D:10)
  Pikel (D:9)
  A manticore (D:9)
  A troll (D:9)
  Grinder (D:5)
  A human (D:8)
  2 hippogriffs
  Grum (D:8)
  Menkaure (D:5)
  The ghost of GammafunkIsRetarded the Chiller, an amateur HEIE (D:6)
  Duvessa (D:7)
  4 sky beasts
  3 ice beasts
  4 phantoms
  3 slaves (D:9)
  6 orc warriors
  A necrophage (D:8)
  5 ogres
  3 wolves (D:8)
  A crocodile (D:9)
  A centaur (D:6)
  3 big kobolds
  4 giant frogs
  Dowan (D:7)
  A wyvern skeleton (D:8)
  2 scorpions (D:9)
  A water moccasin skeleton (D:8)
  3 wights (D:7)
  6 howler monkeys
  7 crimson imps
  2 centaur zombies (D:9)
  A giant frog zombie (D:9)
  9 hounds
  3 jellies
  Crazy Yiuf (D:5)
  7 orc priests
  13 orc wizards
  A giant frog skeleton (D:9)
  4 iguanas
  7 worker ants
  4 sheep (D:8)
  The ghost of GammafunkIsABaby the Chiller, a weakling HEIE (D:4)
  The ghost of GammafunkIsABaby the Chiller, a weakling HEIE of Elyvilon (D:3)
  A hound zombie (D:8)
  A worker ant zombie (D:9)
  16 adders
  A howler monkey skeleton (D:10)
  4 shadow imps
  2 oozes
  2 adder skeletons
  2 worms
  2 dart slugs (D:2)
  4 giant geckos
  40 orcs
  A ball python (D:2)
  8 giant cockroaches
  13 hobgoblins
  16 jackals
  6 quokkas
  9 bats
  2 giant gecko skeletons
  3 giant newts
  5 goblins
  21 kobolds
  2 quokka skeletons
  6 rats
  2 fungi (D:5)
294 creatures vanquished.

Notes
Turn   | Place    | Note
--------------------------------------------------------------
     0 | D:1      | magog001 the Merfolk Hunter began the quest for the Orb.
     0 | D:1      | Reached XP level 1. HP: 16/16 MP: 1/1
   226 | D:1      | Reached XP level 2. HP: 23/23 MP: 2/2
   551 | D:1      | Reached XP level 3. HP: 28/28 MP: 3/3
   992 | D:2      | Reached skill level 4 in Crossbows
  1148 | D:2      | Reached XP level 4. HP: 34/34 MP: 4/4
  1506 | D:3      | Noticed GammafunkIsABaby's ghost (weakling HEIE)
  1532 | D:3      | Killed GammafunkIsABaby's ghost
  1532 | D:3      | Reached XP level 5. HP: 32/41 MP: 5/5
  2526 | D:4      | Reached skill level 1 in Short Blades
  2593 | D:4      | Found Luphuenk's Antique Armour Emporium.
  2606 | D:4      | Bought a runed leather armour for 58 gold pieces
  2774 | D:4      | Noticed GammafunkIsABaby's ghost (weakling HEIE)
  2779 | D:4      | Killed GammafunkIsABaby's ghost
  2944 | D:4      | Found an oddly glowing altar of Pakellas.
  2944 | D:4      | Noticed an eight-headed hydra
  3042 | D:4      | Reached XP level 6. HP: 38/47 MP: 6/6
  3063 | D:4      | Noticed a phantom
  3073 | D:4      | Killed a phantom
  3073 | D:4      | Reached skill level 5 in Crossbows
  3547 | D:4      | Bought a runed hat for 116 gold pieces
  3757 | D:5      | Entered Level 5 of the Dungeon
  4070 | D:5      | Reached XP level 7. HP: 52/52 MP: 7/7
  4084 | D:5      | Noticed Menkaure
  4089 | D:5      | Killed Menkaure
  4089 | D:5      | Reached skill level 6 in Crossbows
  4267 | D:5      | Reached skill level 1 in Shields
  4328 | D:5      | Found a shadowy altar of Dithmenos.
  4425 | D:4      | Reached XP level 8. HP: 34/60 MP: 8/8
  5015 | D:5      | Noticed Grinder
  5028 | D:5      | Killed Grinder
  5028 | D:5      | Reached skill level 7 in Crossbows
  5439 | D:5      | Noticed Crazy Yiuf
  5460 | D:5      | Killed Crazy Yiuf
  5586 | D:4      | Found an iron altar of Okawaru.
  6468 | D:6      | Noticed GammafunkIsRetarded's ghost (amateur HEIE)
  6472 | D:6      | Killed GammafunkIsRetarded's ghost
  6473 | D:6      | Found Oreocucet's Gadget Shop.
  6509 | D:6      | Learned a level 5 spell: Bolt of Magma
  6648 | D:6      | Found a shimmering altar of Xom.
  6650 | D:6      | Found a shimmering altar of Xom.
  6650 | D:6      | Found a shimmering altar of Xom.
  6651 | D:6      | Found a shimmering altar of Xom.
  6652 | D:6      | Found a shimmering altar of Xom.
  6652 | D:6      | Found a shimmering altar of Xom.
  6657 | D:6      | You fall through a shaft for 2 floors!
  6699 | D:8      | Reached skill level 8 in Crossbows
  6699 | D:8      | Reached XP level 9. HP: 54/67 MP: 9/9
  6942 | D:8      | Reached skill level 5 in Dodging
  7846 | D:7      | Found a staircase to the Ecumenical Temple.
  7848 | D:7      | Reached skill level 5 in Fighting
  7875 | Temple   | Entered the Ecumenical Temple
  7998 | Temple   | Became a worshipper of Nemelex Xobeh the Trickster
  8041 | D:7      | Received a gift from Nemelex Xobeh
  8311 | D:7      | Found a glowing silver altar of Zin.
  8311 | D:7      | Noticed Duvessa
  8311 | D:7      | Noticed Dowan
  8316 | D:7      | Killed Duvessa
  8326 | D:7      | Reached skill level 9 in Crossbows
  8334 | D:7      | Killed Dowan
  8562 | D:7      | Gained mutation: Armour fits poorly on your strangely shaped body. [mutagenic meat]
  8563 | D:7      | Gained mutation: Your spells are a little harder to cast, but a little more powerful. [mutagenic meat]
  8744 | D:7      | Gained mutation: You have a pair of small horns on your head. [potion of mutation]
  8744 | D:7      | Gained mutation: You are robust (+10% HP). [potion of mutation]
  8744 | D:7      | Gained mutation: You are somewhat resistant to further mutation. [potion of mutation]
  9203 | D:8      | Reached XP level 10. HP: 73/81 MP: 10/10
  9298 | D:8      | Noticed Grum
  9312 | D:8      | Killed Grum
  9500 | D:8      | Reached skill level 5 in Short Blades
 10006 | D:9      | Reached skill level 10 in Crossbows
 10150 | D:9      | Received a gift from Nemelex Xobeh
 10170 | D:9      | Reached * piety under Nemelex Xobeh
 10257 | D:9      | Reached skill level 5 in Stealth
 10750 | D:9      | Noticed Pikel
 11334 | D:9      | Reached skill level 1 in Throwing
 11925 | D:9      | Killed Pikel
 11925 | D:9      | Reached XP level 11. HP: 78/89 MP: 9/11
 11948 | D:9      | Noticed a manticore
 12135 | D:9      | Killed a manticore
 12472 | D:10     | Entered Level 10 of the Dungeon
 12816 | D:10     | Noticed Josephine
 12848 | D:10     | Killed Josephine
 12878 | D:10     | HP: 3/91 [something (3)]
 12878 | D:10     | HP: 1/91 [wraith[Josephine] (2)]
 12880 | D:10     | Slain by an unseen horror

Skill      XL: |  1  2  3  4  5  6  7  8  9 10 11 |
---------------+----------------------------------+-----
Dodging        | 3 4 5 7 8 |  8.8
Crossbows      | 4 5 6 8 9 10 | 10.7
Fighting       | 3 4 5 6 |  6.4
Short Blades   | 1 2 3 4 5 |  5.9
Stealth        | 2 3 4 6 |  6.5
Shields        | 1 2 3 4 |  4.1
Throwing       | 1 |  1.2
Armour         | |  0.3
Evocations     | |  0.4

Action                   |  1- 3 |  4- 6 |  7- 9 | 10-12 || total
-------------------------+-------+-------+-------+-------++-------
Melee: Dagger            |       |     5 |    46 |       ||    51
       Headbutt          |       |       |     3 |    47 ||    50
       Short sword       |       |       |       |   255 ||   255
 Fire: Hand crossbow     |    90 |   179 |   296 |   239 ||   804
Throw: Tomahawk          |       |       |     3 |    21 ||    24
Evoke: Wand              |       |     1 |       |     6 ||     7
       Deck              |       |       |       |     7 ||     7
       Disc of storms    |       |       |       |     2 ||     2
  Use: Scroll            |       |     8 |     8 |     3 ||    19
       Potion            |       |       |    13 |     6 ||    19
 Stab: Invisible         |       |       |       |     1 ||     1
       Sleeping          |       |       |       |     1 ||     1
  Eat: Chunk             |     1 |     2 |     2 |    10 ||    15
       Bread ration      |       |     2 |     3 |       ||     5
       Pizza             |       |       |     1 |       ||     1
       Beef jerky        |       |       |     1 |       ||     1
Armor: Leather armour    |    13 |    20 |    34 |    96 ||   163
       Skin              |       |       |       |    54 ||    54
Dodge: Dodged            |    25 |    69 |    54 |   169 ||   317
Block: Shield            |       |    16 |    71 |   237 ||   324
